[Event "ICC tourney 2525 (15 10)"]
[Site "Internet Chess Club"]
[Date "2021.02.21"]
[Round "5"]
[White "TheSuperKing"]
[Black "HengruiZhang"]
[Result "1-0"]
[ICCResult "Black checkmated"]
[WhiteElo "1701"]
[BlackElo "1534"]
[Opening "Scandinavian (center counter) defense"]
[ECO "B01"]
[NIC "SD.01"]
[Time "16:30:13"]
[PlyCount "105"]
[TimeControl "900+10"]

1. e4 d5 2. exd5 Qxd5 3. Nc3 Qa5 4. d4 c5 5. dxc5 e6 6. Be3 Nf6 7. Bb5+ Bd7
8. Bxd7+ Nbxd7 9. Ne2 Ne4 10. c6 bxc6 11. O-O Nxc3 12. Nxc3 Be7 13. Qg4 O-O
14. Bd4 Qg5 15. Qxg5 Bxg5 16. Rad1 Rfd8 17. Ne4 Be7 18. c4 c5 19. Be3 Nb6
20. b3 Rxd1 21. Rxd1 Rc8 22. Nxc5 Bxc5 23. Bxc5 h6 24. Bxb6 axb6 25. Kf1
Kf8 26. Ke2 Ke7 27. a4 f5 28. f4 g5 29. g3 gxf4 30. gxf4 Kf6 31. Rd6 Rb8
32. Ke3 Ke7 33. Rd3 h5 34. Kf3 h4 35. Kg2 Rd8 36. Rxd8 Kxd8 37. Kh3 e5 38.
fxe5 Ke7 39. Kxh4 Ke6 40. Kg3 Kxe5 41. Kf3 Kd4 42. h4 Kc3 43. h5 Kxb3 44.
h6 Kxc4 45. h7 Kb4 46. h8=Q Kxa4 47. Qb2 b5 48. Kf4 b4 49. Kxf5 b3 50. Ke4
Kb4 51. Kd4 Ka4 52. Kc5 Ka5 53. Qa3# { Black checkmated } 1-0

[Event "ICC tourney 2525 (15 10)"]
[Site "Internet Chess Club"]
[Date "2021.02.21"]
[Round "5"]
[White "Chessamma"]
[Black "alphachesplayer"]
[Result "0-1"]
[ICCResult "White checkmated"]
[WhiteElo "1597"]
[BlackElo "1713"]
[Opening "Ruy Lopez: Marshall counter-attack, 11...c6"]
[ECO "C89"]
[NIC "RL.17"]
[Time "16:30:21"]
[PlyCount "86"]
[TimeControl "900+10"]

1. e4 e5 2. Nf3 Nc6 3. Bb5 a6 4. Ba4 Nf6 5. O-O Be7 6. Re1 b5 7. Bb3 O-O 8.
c3 d5 9. exd5 Nxd5 10. Nxe5 Nxe5 11. Rxe5 c6 12. d3 Bd6 13. Re1 Bf5 14. Qf3
Qh4 15. g3 Qh3 16. Be3 Bxd3 17. Nd2 Qf5 18. Bd4 Qxf3 19. Nxf3 Rae8 20. Rad1
Be2 21. Rxe2 Rxe2 22. Be3 Nxe3 23. Rxd6 Nc4 24. Bxc4 bxc4 25. Rxc6 Rxb2 26.
Rxa6 f6 27. Nd4 Rb1+ 28. Kg2 Rc1 29. Ra3 Rb8 30. Ne2 Rc2 31. Nd4 Rd2 32.
Nf3 Rd6 33. Ra4 Rc8 34. Nd4 Rxd4 35. cxd4 c3 36. d5 c2 37. d6 c1=Q 38. d7
Qc6+ 39. Kh3 Qxd7+ 40. Kg2 Qxa4 41. Kg1 Qxa2 42. Kg2 Qa8+ 43. Kg1 Rc1# {
White checkmated } 0-1

[Event "ICC tourney 2525 (15 10)"]
[Site "Internet Chess Club"]
[Date "2021.02.21"]
[Round "5"]
[White "LittleJimmy"]
[Black "WCCRBS"]
[Result "1-0"]
[ICCResult "Black checkmated"]
[WhiteElo "1410"]
[BlackElo "1250"]
[Opening "Ruy Lopez: Berlin defense, 4.O-O, d6"]
[ECO "C66"]
[NIC "RL.02"]
[Time "16:31:24"]
[PlyCount "103"]
[TimeControl "900+10"]

1. e4 e5 2. Nf3 Nc6 3. Bb5 d6 4. O-O Nf6 5. Re1 Bg4 6. h3 Bh5 7. c3 Be7 8.
d3 O-O 9. Nbd2 d5 10. exd5 Qxd5 11. Bc4 Bxf3 12. Nxf3 Qd6 13. Be3 Rad8 14.
Qb3 Na5 15. Qc2 Nxc4 16. dxc4 b6 17. Rad1 Qc6 18. b3 Bc5 19. Bxc5 Qxc5 20.
Rxe5 Rxd1+ 21. Qxd1 Qa3 22. Qc2 Rd8 23. Nd4 Nd7 24. Re1 Qd6 25. Nf5 Qf6 26.
Re7 Kf8 27. Re3 Nc5 28. Rg3 g6 29. Nd4 Re8 30. Rf3 Qd6 31. Re3 Rxe3 32.
fxe3 Qg3 33. Qf2 Qxf2+ 34. Kxf2 Nd3+ 35. Ke2 Nc1+ 36. Kd2 Nxa2 37. Kc2 Kg7
38. Kb2 Nxc3 39. Kxc3 Kf6 40. Nb5 c6 41. Nxa7 Ke5 42. Nxc6+ Ke4 43. Kd2 Kf5
44. Kd3 Kg5 45. Ke4 Kh4 46. Kf3 f5 47. Ne7 g5 48. Nd5 g4+ 49. hxg4 fxg4+
50. Kf4 h5 51. Ne7 b5 52. Ng6# { Black checkmated } 1-0

[Event "ICC tourney 2525 (15 10)"]
[Site "Internet Chess Club"]
[Date "2021.02.21"]
[Round "5"]
[White "TheChessKid9753"]
[Black "ChessPro124851"]
[Result "1/2-1/2"]
[ICCResult "Game drawn because neither player has mating material"]
[WhiteElo "1631"]
[BlackElo "1441"]
[Opening "Queen's pawn, Mason variation"]
[ECO "D00"]
[NIC "QP.08"]
[Time "16:30:14"]
[PlyCount "166"]
[TimeControl "900+10"]

1. d4 d5 2. Bf4 Bf5 3. e3 e6 4. Nf3 Nf6 5. Bd3 Bxd3 6. Qxd3 Bd6 7. Bg3 O-O
8. Nbd2 Nbd7 9. c3 Nh5 10. Rc1 Nxg3 11. hxg3 Nf6 12. e4 dxe4 13. Nxe4 Nxe4
14. Qxe4 h6 15. g4 f5 16. gxf5 exf5 17. Qd5+ Kh8 18. Kf1 Bf4 19. Qxd8 Raxd8
20. Re1 Rde8 21. g3 Rxe1+ 22. Kxe1 Bd6 23. Kf1 f4 24. Kg2 fxg3 25. fxg3 Re8
26. Kf2 c5 27. d5 c4 28. Re1 Bc5+ 29. Nd4 Rf8+ 30. Kg2 Bxd4 31. cxd4 Rd8
32. Rc1 Rxd5 33. Rxc4 b5 34. Rc5 Rxd4 35. Rxb5 g5 36. Ra5 Rd2+ 37. Kf3 Rxb2
38. Rxa7 Kg8 39. Kg4 Rb1 40. Kh5 Rh1+ 41. Kg6 Kf8 42. g4 Rg1 43. Ra4 Rh1
44. Kf6 Rf1+ 45. Kg6 Rf4 46. Ra8+ Ke7 47. Kh5 Kf7 48. a4 Kg7 49. a5 Ra4 50.
Ra7+ Kf6 51. Ra6+ Kg7 52. Rxh6 Rxa5 53. Rg6+ Kh7 54. Rxg5 Rxg5+ 55. Kxg5
Kg7 56. Kf5 Kf7 57. g5 Kg7 58. g6 Kg8 59. Kg4 Kg7 60. Kg5 Kg8 61. Kf6 Kf8
62. Ke6 Kg8 63. Ke5 Kg7 64. Kf5 Kg8 65. Kg5 Kg7 66. Kh5 Kg8 67. Kh6 Kh8 68.
Kh5 Kg7 69. Kg5 Kg8 70. Kg4 Kg7 71. Kf5 Kg8 72. Kf6 Kf8 73. Kg5 Kg7 74. Kh5
Kg8 75. Kh4 Kg7 76. Kg5 Kg8 77. Kf4 Kg7 78. Kf5 Kg8 79. Ke6 Kg7 80. Kf5 Kg8
81. Kf6 Kf8 82. g7+ Kg8 83. Ke7 Kxg7 { Game drawn because neither player
has mating material } 1/2-1/2

[Event "ICC tourney 2525 (15 10)"]
[Site "Internet Chess Club"]
[Date "2021.02.21"]
[Round "5"]
[White "wcchloe"]
[Black "pangpangba"]
[Result "1/2-1/2"]
[ICCResult "Game drawn because neither player has mating material"]
[WhiteElo "1663"]
[BlackElo "1652"]
[Opening "Sicilian"]
[ECO "B56"]
[NIC "SI.25"]
[Time "16:30:19"]
[PlyCount "95"]
[TimeControl "900+10"]

1. e4 c5 2. Nf3 d6 3. d4 cxd4 4. Nxd4 Nf6 5. Nc3 Nc6 6. Be3 Ng4 7. Bg5 h6
8. Bh4 g5 9. Bg3 Bg7 10. Nf5 Bxf5 11. exf5 Nf6 12. Be2 Qa5 13. O-O O-O 14.
Bd3 Rac8 15. a3 Kh8 16. Rb1 Nd5 17. Nxd5 Qxd5 18. f4 gxf4 19. Bxf4 Ne5 20.
Re1 Nxd3 21. Qxd3 Qxd3 22. cxd3 Rfe8 23. Bd2 e6 24. fxe6 Rxe6 25. Rxe6 fxe6
26. Rc1 Bd4+ 27. Kh1 Rxc1+ 28. Bxc1 b5 29. g4 Kg7 30. h4 a5 31. Kg2 d5 32.
Kf3 Kg6 33. Kf4 e5+ 34. Kf3 h5 35. b3 a4 36. bxa4 bxa4 37. Kg3 e4 38. dxe4
dxe4 39. Kf4 hxg4 40. Kxg4 Be5 41. h5+ Kh7 42. Kf5 Bd6 43. Kxe4 Bxa3 44.
Bxa3 Kh6 45. Kd4 Kxh5 46. Kc4 Kg5 47. Kb4 Kf5 48. Kxa4 { Game drawn because
neither player has mating material } 1/2-1/2

[Event "ICC tourney 2525 (15 10)"]
[Site "Internet Chess Club"]
[Date "2021.02.21"]
[Round "6"]
[White "TheChessKid9753"]
[Black "ew06"]
[Result "1-0"]
[ICCResult "Black checkmated"]
[WhiteElo "1631"]
[BlackElo "1236"]
[Opening "Queen's pawn, Mason variation"]
[ECO "D00"]
[NIC "QP.08"]
[Time "17:25:07"]
[PlyCount "57"]
[TimeControl "900+10"]

1. d4 d5 2. Bf4 Nf6 3. e3 e6 4. c4 Nbd7 5. Nc3 Bb4 6. Nf3 O-O 7. Bd3 dxc4
8. Bxc4 b6 9. O-O Bxc3 10. bxc3 Bb7 11. Re1 Ne4 12. Qc2 Nef6 13. Bd3 Bxf3
14. gxf3 h6 15. Kf1 c5 16. Ke2 cxd4 17. cxd4 Nd5 18. Bd6 Rc8 19. Qb2 Re8
20. Rg1 Nc3+ 21. Kd2 Nf6 22. Bf4 Ncd5 23. Bxh6 g6 24. Qb1 Re7 25. Bxg6 fxg6
26. Qxg6+ Kh8 27. Bg7+ Kg8 28. Bxf6+ Kf8 29. Qg8# { Black checkmated } 1-0

[Event "ICC tourney 2525 (15 10)"]
[Site "Internet Chess Club"]
[Date "2021.02.21"]
[Round "6"]
[White "WCCRBS"]
[Black "Chessamma"]
[Result "0-1"]
[ICCResult "White resigns"]
[WhiteElo "1250"]
[BlackElo "1597"]
[Opening "Sicilian: Sozin attack"]
[ECO "B86"]
[NIC "SI.01"]
[Time "17:25:02"]
[PlyCount "56"]
[TimeControl "900+10"]

1. e4 c5 2. Nf3 d6 3. Bc4 Nf6 4. Nc3 e6 5. d4 cxd4 6. Nxd4 a6 7. Bg5 Be7 8.
Qf3 O-O 9. O-O-O Nbd7 10. h4 Ne5 11. Qe2 Qc7 12. Bxf6 Bxf6 13. Bd3 b5 14.
g4 b4 15. Nb1 Bb7 16. f4 Nxd3+ 17. Rxd3 a5 18. g5 Be7 19. h5 Ba6 20. h6 g6
21. f5 Bxg5+ 22. Kd1 Bxd3 23. Qxd3 exf5 24. exf5 Rae8 25. Nf3 Bf6 26. fxg6
fxg6 27. Qd5+ Qf7 28. Qxd6 Rd8 { White resigns } 0-1

[Event "ICC tourney 2525 (15 10)"]
[Site "Internet Chess Club"]
[Date "2021.02.21"]
[Round "6"]
[White "alphachesplayer"]
[Black "wcchloe"]
[Result "1-0"]
[ICCResult "Black checkmated"]
[WhiteElo "1713"]
[BlackElo "1663"]
[Opening "Sicilian: Najdorf"]
[ECO "B90"]
[NIC "SI.14"]
[Time "17:25:48"]
[PlyCount "59"]
[TimeControl "900+10"]

1. e4 c5 2. Nf3 d6 3. d4 cxd4 4. Nxd4 Nf6 5. Nc3 a6 6. f3 e6 7. Be3 Be7 8.
Qd2 b5 9. O-O-O h5 10. h3 Bb7 11. Be2 Nbd7 12. g4 Rc8 13. g5 Nh7 14. g6
Nhf8 15. gxf7+ Kxf7 16. f4 Nf6 17. Bf3 N8d7 18. Rhg1 Nc5 19. f5 e5 20. Ne6
Qa5 21. Rxg7+ Ke8 22. Nxc5 dxc5 23. Rxe7+ Kxe7 24. Qd6+ Kf7 25. Qe6+ Kg7
26. Rg1+ Ng4 27. hxg4 Rh6 28. Bxh6+ Kh8 29. Qf6+ Kg8 30. Qg7# { Black
checkmated } 1-0

[Event "ICC tourney 2525 (15 10)"]
[Site "Internet Chess Club"]
[Date "2021.02.21"]
[Round "6"]
[White "LittleJimmy"]
[Black "TheSuperKing"]
[Result "0-1"]
[ICCResult "White checkmated"]
[WhiteElo "1410"]
[BlackElo "1701"]
[Opening "Ruy Lopez: closed, Chigorin, 12...c5d4"]
[ECO "C99"]
[NIC "RL.24"]
[Time "17:26:17"]
[PlyCount "84"]
[TimeControl "900+10"]

1. e4 e5 2. Nf3 Nc6 3. Bb5 a6 4. Ba4 Nf6 5. O-O Be7 6. Re1 b5 7. Bb3 d6 8.
c3 O-O 9. h3 Na5 10. Bc2 c5 11. d4 Qc7 12. Nbd2 cxd4 13. cxd4 Nc6 14. d5
Nb4 15. Bb1 a5 16. a3 Na6 17. Qe2 Bd7 18. Bd3 Rab8 19. a4 Nb4 20. axb5 Nxd3
21. Qxd3 Rxb5 22. Nc4 Rc8 23. Ne3 Rc5 24. Bd2 Qb6 25. Bc3 a4 26. Nd2 Bb5
27. Qc2 Qa6 28. f3 Qb6 29. Kh1 g6 30. Nb1 Nh5 31. Na3 Bd7 32. Kh2 Bh4 33.
Re2 Bg3+ 34. Kh1 Nf4 35. Rd2 Rxc3 36. bxc3 Qxe3 37. Rb1 Rxc3 38. Rb8+ Kg7
39. Qd1 Rxa3 40. Rd8 Qxd2 41. Qxd2 Ra1+ 42. Qe1 Rxe1# { White checkmated }
0-1

[Event "ICC tourney 2525 (15 10)"]
[Site "Internet Chess Club"]
[Date "2021.02.21"]
[Round "6"]
[White "HengruiZhang"]
[Black "pangpangba"]
[Result "0-1"]
[ICCResult "White checkmated"]
[WhiteElo "1534"]
[BlackElo "1652"]
[Opening "Queen's bishop game"]
[ECO "A45"]
[NIC "QP.07"]
[Time "17:24:58"]
[PlyCount "126"]
[TimeControl "900+10"]

1. d4 Nf6 2. Bf4 d5 3. Nf3 c5 4. e3 Nc6 5. Nc3 a6 6. h3 Bf5 7. Be2 e6 8.
Nh4 Be4 9. f3 Bg6 10. Nxg6 hxg6 11. Qd2 b5 12. a3 c4 13. O-O Bd6 14. Bxd6
Qxd6 15. Qe1 Ke7 16. b3 g5 17. b4 Nh5 18. f4 gxf4 19. Bxh5 Rxh5 20. Rxf4
Rah8 21. Qg3 e5 22. dxe5 Qxe5 23. e4 d4 24. Nd5+ Kd8 25. Qf2 f6 26. Re1 Ne7
27. Nxe7 Kxe7 28. Rf5 Qe6 29. Kf1 Qd6 30. Rd5 Rxd5 31. exd5+ Kf7 32. Qxd4
Rh5 33. Qe4 Re5 34. Qf3 Qxd5 35. Qxd5+ Rxd5 36. Ke2 Re5+ 37. Kd2 c3+ 38.
Kd1 Rd5+ 39. Kc1 Rd2 40. Re3 Rxg2 41. Rxc3 Rh2 42. Rc6 Rxh3 43. Rxa6 g5 44.
Ra5 g4 45. Rxb5 g3 46. Rd5 g2 47. Rd1 Rh1 48. b5 Rxd1+ 49. Kxd1 g1=Q+ 50.
Kd2 Qb6 51. a4 Ke6 52. Kc3 Kd5 53. Kb4 f5 54. c4+ Kd4 55. a5 Qc5+ 56. Ka4
Qxc4+ 57. Ka3 Qxb5 58. a6 Qxa6+ 59. Kb4 Qb6+ 60. Ka3 Qb5 61. Ka2 Qb4 62.
Ka1 Kc3 63. Ka2 Qb2# { White checkmated } 0-1